 Dungeon Crawl Stone Soup version 0.25-a0-663-gace7076f2c (webtiles) character file.

Game seed: 18348059894233978830, levelgen mode: deterministic

130 Conn the Magician (level 5, -5/31 HPs)
             Began as an Octopode Wizard on Mar 25, 2020.
             Slain by Grinder (6 damage)
             ... while paralysed by Grinder
             ... on level 3 of the Dungeon.
             The game lasted 00:08:34 (4057 turns).

Conn the Magician (Octopode Wizard)                 Turns: 4057, Time: 00:08:35

Health: -5/31      AC:  1    Str:  8    XL:     5   Next: 13%
Magic:  4/11       EV:  2    Int: 20    God:
Gold:   128        SH:  0    Dex: 10    Spells: 1/12 levels left

rFire    x . .     SeeInvis .   q - +0 short sword
rCold    + . .     Gourm    .   v - +0 buckler
rNeg     . . .     Faith    .   a - +0 hat
rPois    +         Spirit   .   o - amulet of the acrobat
rElec    .         Reflect  .   k - ring of poison resistance
rCorr    .         Harm     .   u - ring of ice
MR       .....                  (no ring)
Stlth    +++.......             (no ring)
HPRegen  0.10/turn              (no ring)
MPRegen  0.12/turn              (no ring)
                                (no ring)
                                (no ring)

@: paralysed
A: almost no armour, stealthy swim, amphibious, 8 rings, constrict 8, camouflage
1, gelatinous body 1
a: no special abilities


You were on level 3 of the Dungeon.
You were not hungry.

You visited 1 branch of the dungeon, and saw 3 of its levels.

You collected 128 gold pieces.

Inventory:

Hand Weapons
 g - a +0 dagger
 q - a +0 short sword (weapon)
Missiles
 d - 69 stones (quivered)
 s - 6 atropa-tipped darts
 t - 13 sling bullets
Armour
 a - a +0 hat (worn)
 v - a +0 buckler (worn)
Jewellery
 k - a ring of poison resistance (left tentacle)
 o - an amulet of the acrobat (around mantle)
 u - a ring of ice (right tentacle)
Scrolls
 b - a scroll of fear {unknown}
 e - 2 scrolls of enchant weapon {unknown}
 i - a scroll of immolation {unknown}
 l - 4 scrolls of teleportation {unknown}
 m - 2 scrolls of amnesia {unknown}
 n - a scroll of fog {unknown}
Potions
 f - 2 potions of lignification {unknown}
 h - a potion of curing {unknown}
 j - a potion of degeneration {unknown}
 p - a potion of invisibility {unknown}
 r - 3 potions of heal wounds {unknown}
 w - a potion of cancellation {unknown}
Comestibles
 c - 2 rations


   Skills:
 + Level 0.2 Fighting
 + Level 0.2 Short Blades
 + Level 2.7 Dodging
 + Level 3.3 Stealth
 + Level 4.3 Spellcasting
 + Level 1.6 Conjurations
 + Level 1.0 Summonings
 + Level 1.6 Translocations


You had one spell level left.
You knew the following spells:

 Your Spells              Type           Power        Failure   Level  Hunger
a - Magic Dart            Conj           ##..         11%         1    None
b - Blink                 Tloc           N/A          16%         2    #......
c - Call Imp              Summ           #.......     21%         2    #......
d - Conjure Flame         Conj/Fire      #.......     41%         3    ###....
e - Mephitic Cloud        Conj/Pois/Air  #.......     45%         3    ###....

Your spell library contained the following spells:

 Spells                   Type           Power        Failure   Level  Hunger
 Slow                     Hex            #.......     30%         2    #......


Dungeon Overview and Level Annotations

Branches:
Dungeon (3/15)

Altars:
Kikubaaqudgha
Yredelemnul

Annotations:
D:3 Grinder


Innate Abilities, Weirdness & Mutations

You cannot wear most types of armour.
You are very stealthy in the water. (Stealth+)
You are amphibious.
You can wear up to eight rings at the same time.
You can use your tentacles to constrict eight enemies at once.
Your skin changes colour to match your surroundings (Stealth+).
Your rubbery body absorbs attacks. (AC +1, EV +1)


Message History

g - Guard the area. f - Follow me.
Anything else - Cancel.
Guard this area!
Your crimson imp blinks!
Your shadow imp hits Grinder.
Your white imp barely misses Grinder.
Casting: Call Imp (safe; 21% risk of failure)
Confirm with . or Enter, or press ? or * to list all spells.
A shadowy apparition takes form in the air.
Your shadow imp hits Grinder.
Grinder closely misses you.
Unknown command.
You barely miss Grinder. Your grab misses Grinder. You squeeze Grinder!
Grinder is severely wounded.
Your white imp disappears in a puff of smoke!
Your shadow imp hits Grinder.
Grinder gestures at you.
You suddenly lose the ability to move!
Your shadow imp closely misses Grinder.
Grinder hits you!
* * * LOW HITPOINT WARNING * * *
You writhe in agony.
You die...

## #.# ## .##.#
..##. #.# #....
#.# #...###.#
###.h..##.#
...h..#§5#
#####.Z..#5#######
#..5..<..#@55...<#
#.###....#########
#.§#...# #..#.#.#
..## # # ###


You could see Grinder, a friendly crimson imp and 2 friendly shadow imps.

Vanquished Creatures
  A hound skeleton (D:3)
  5 adders
  4 oozes
  A worm (D:2)
  A leopard gecko (D:1)
  An orc (D:3)
  5 bats
  2 giant cockroaches
  6 goblins
  9 hobgoblins
  4 jackals
  2 quokkas (D:2)
  2 frilled lizards
  4 kobolds
  6 rats
53 creatures vanquished.

Notes
Turn   | Place    | Note
-------+----------+-------------------------------------------
     0 | D:1      | Conn the Octopode Wizard began the quest for the Orb.
     0 | D:1      | Reached XP level 1. HP: 11/11 MP: 4/4
   197 | D:1      | Reached XP level 2. HP: 9/17 MP: 6/6
   358 | D:1      | Learned a level 2 spell: Blink
   361 | D:1      | Learned a level 2 spell: Call Imp
  1050 | D:1      | Reached XP level 3. HP: 10/21 MP: 0/8
  1854 | D:2      | Found an ancient bone altar of Kikubaaqudgha.
  1994 | D:2      | Reached XP level 4. HP: 20/27 MP: 6/9
  2003 | D:2      | Learned a level 3 spell: Conjure Flame
  2271 | D:2      | Reached skill level 4 in Spellcasting
  2528 | D:2      | Found a basalt altar of Yredelemnul.
  3178 | D:3      | Noticed Grinder
  3593 | D:3      | Learned a level 3 spell: Mephitic Cloud
  3620 | D:3      | Reached XP level 5. HP: 20/31 MP: 11/11
  3723 | D:3      | Paralysed by Grinder for 6 turns
  4056 | D:3      | Paralysed by Grinder for 7 turns
  4057 | D:3      | HP: 1/31 [Grinder (8)]
  4057 | D:3      | Slain by Grinder

Levels and vault maps discovered:
D:1:      tarquinn_simple_flora_water_b, layout_loops_ring, roderic_lattice_a
D:2:      layout_basic, nicolae_overflow_hidden_temple,
          kiku_gazebo_garden_becter
D:3:      layout_basic, minmay_misc_feat_cross, chequers_serial_rivers_marsh,
          uniq_grinder

Skill      XL: |  1  2  3  4 |
---------------+-------------+-----
Stealth        | 3 |  3.3
Spellcasting   | 4 |  4.3
Fighting       | |  0.2
Short Blades   | |  0.2
Dodging        | |  2.7
Conjurations   | |  1.6
Summonings     | |  1.0
Translocations | |  1.6

Action                   |  1- 3 |  4- 6 || total
-------------------------+-------+-------++-------
Melee: Unarmed           |    12 |       ||    12
       Dagger            |    56 |    17 ||    73
       Constrict         |    14 |     9 ||    23
       Tentacles         |    11 |     9 ||    20
       Short sword       |       |    21 ||    21
 Cast: Magic Dart        |    43 |    30 ||    73
       Blink             |       |    27 ||    27
       Call Imp          |       |     6 ||     6
 Stab: Sleeping          |     3 |     2 ||     5
  Eat: Chunk             |     3 |     4 ||     7
       Ration            |       |     1 ||     1
Armor: Skin              |     4 |     2 ||     6
Dodge: Dodged            |    43 |    24 ||    67
Block: Buckler           |       |     2 ||     2

Table legend:
 A = Non-vault XP
 B = Vault XP
 C = Vault XP percentage of total XP
 D = Non-vault monster count
 E = Vault monster count
 F = Vault count percentage of total count
                 A         B        C        D         E       F
            +---------+---------+-------+---------+---------+-------
      Total |     186 |       0 |   0.0 |      53 |       0 |   0.0
            +---------+---------+-------+---------+---------+-------
        D:1 |      48 |       0 |   0.0 |      23 |       0 |   0.0
        D:2 |      78 |       0 |   0.0 |      22 |       0 |   0.0
        D:3 |      60 |       0 |   0.0 |       8 |       0 |   0.0
            +---------+---------+-------+---------+---------+-------
